[Event "Early-Titled-Tuesday-Blitz-March-19-2024"]
[Site "Chess.com"]
[Date "2024.03.19"]
[Round "4"]
[White "CSB7"]
[Black "Juicy_Fork"]
[Result "1-0"]
[WhiteElo "2782"]
[BlackElo "2541"]
[TimeControl "180+1"]
[EndTime "8:39:59 PDT"]
[Termination "CSB7 won on time"]

1. c4 Nf6 2. Nc3 c5 3. Nf3 Nc6 4. e3 g6 5. d4 cxd4 6. exd4 d5 7.
cxd5 Nxd5 8. Qb3 Nb6 9. d5 Nb8 10. Bg5 Bg7 11. Bb5+ Bd7 12. O-O Bxb5 13. Nxb5 f6 14. Bf4 Na6 15. d6 e5 16. Rfe1 Qd7 17.
Bxe5 fxe5 18. Nxe5 Bxe5 19. Rxe5+ Kd8 20. Rae1 Rf8 21.
Nxa7 Na4 22. Re7 Qf5 23. Qe3 Qf6 24. Rxb7 N4c5 25. Nc6+ Kc8 26. Rxh7 Qxd6 27. Qh3+ Nd7 28. Ne7+ Kd8 29. Nxg6 Rg8 30. Qh4+ Kc7 31. Qc4+ Kb7 32.
Ne5 Rad8 33. Nxd7 1-0

[Event "Early-Titled-Tuesday-Blitz-March-19-2024"]
[Site "Chess.com"]
[Date "2024.03.19"]
[Round "4"]
[White "Elnaz_Kaliakhmet"]
[Black "Danny_Billiards"]
[Result "1-0"]
[WhiteElo "2528"]
[BlackElo "2758"]
[TimeControl "180+1"]
[EndTime "8:39:59 PDT"]
[Termination "Elnaz_Kaliakhmet won by resignation"]

1. d4 Nf6 2. c4 g6 3. Nc3 Bg7 4. e4 d6 5. h3 O-O 6. Be3 e5 7. d5 Nfd7 8. g4 a5 9. Nge2 Na6 10. Ng3 Nac5 11. Qd2 a4 12. O-O-O Nb6 13. Be2 a3 14. b3 f5 15. gxf5 gxf5 16. exf5 e4 17. Bd4 Bxd4 18. Qxd4 Qg5+ 19. Kb1 Bxf5 20. Nxf5 Qxf5 21. Rhg1+ Kf7 22. Qg7+ Ke8 23. Bg4 Qxf2 24. Nb5 Qb2+ 25. Qxb2 axb2 26. Nxc7+ Ke7 27. Nxa8 Rxa8 28. Kxb2 Nd3+ 29. Kb1 Rf8 30. Rgf1 Rxf1 31. Rxf1 Nd7 32. Bf5 N7c5 33. b4 Nxb4 34. Bxe4 Kd7 35. Bxh7 Na4 36. Rf3 Nb6 37. a3 Nxc4 38.
Rf7+ Ke8 39. Rxb7 Nxd5 40. Bg8 Nce3 41. Bxd5 Nxd5 42. h4 Nf4 43. a4 Kd8 44. a5 Kc8 45. a6 d5 46. Rf7 Ne6 1-0

[Event "Early-Titled-Tuesday-Blitz-March-19-2024"]
[Site "Chess.com"]
[Date "2024.03.19"]
[Round "4"]
[White "madmax011"]
[Black "Goryachkina"]
[Result "0-1"]
[WhiteElo "2335"]
[BlackElo "2647"]
[TimeControl "180+1"]
[EndTime "8:39:59 PDT"]
[Termination "Goryachkina won on time"]

1. d4 Nf6 2. c4 e6 3. Nc3 Bb4 4. Qc2 d5 5. a3 Bxc3+ 6. Qxc3 O-O 7. Nf3 b6 8. Bg5 dxc4 9. Qxc4 Ba6 10. Qa4 Bb7 11. e3 h6 12. Bh4 c5 13. dxc5 bxc5 14. Be2 Nbd7 15. O-O Qb6 16. b4 cxb4 17. axb4 Rfc8 18.
Rac1 Bc6 19. Qa3 Nd5 20. Rb1 Bb5 21. Bxb5 Qxb5 22. Nd4 Qb6 23. Rfc1 Ne5 24. Bg3 Nc4 25. Qa4 Ncxe3 26. fxe3 Nxe3 27. b5 Nd5 28. Bf2 Nc3 29.
Qa6 Nxb1 30. Rxc8+ Kh7 31. Qxb6 Rxc8 0-1

[Event "Early-Titled-Tuesday-Blitz-March-19-2024"]
[Site "Chess.com"]
[Date "2024.03.19"]
[Round "4"]
[White "vugarrasulov"]
[Black "AlexOstrovskiy"]
[Result "1-0"]
[WhiteElo "2988"]
[BlackElo "2750"]
[TimeControl "180+1"]
[EndTime "8:40:00 PDT"]
[Termination "vugarrasulov won on time"]

1. d4 Nf6 2. c4 e5 3. e3 exd4 4. exd4 d5 5. Nc3 Bb4 6. Nf3 O-O 7. Be2 dxc4 8. Bxc4 Nc6 9. a3 Ba5 10. O-O Bg4 11.
Be2 Qd6 12. h3 Bh5 13. Be3 Rad8 14. Rc1 Rfe8 15. Qa4 Bb6 16. Rfd1 Nd5 17. Nxd5 Qxd5 18. Qc2 Ne7 19. Ng5 Bg6 20. Qc3 Qd7 21. Bg4 Qd6 22.
Qb3 Nd5 23. Bd2 c6 24. Nf3 h5 25. Ne5 hxg4 26. hxg4 Bxd4 27. Nf3 Bb6 28. a4 Be4 29. a5 Bc7 30. g3 Qf6 31. Ng5 Bg6 32.
Qxb7 Bd6 33. Qxc6 Ne7 34. Qf3 Qxf3 35. Nxf3 Be4 36. Ng5 Ba8 37. a6 Ng6 38. Ba5 Rd7 39.
Bb4 Red8 40. Bxd6 Rxd6 41. Rxd6 Rxd6 42. Rc8+ 1-0

[Event "Early-Titled-Tuesday-Blitz-March-19-2024"]
[Site "Chess.com"]
[Date "2024.03.19"]
[Round "4"]
[White "biostatistician"]
[Black "KNVB"]
[Result "1-0"]
[WhiteElo "2609"]
[BlackElo "2811"]
[TimeControl "180+1"]
[EndTime "8:40:00 PDT"]
[Termination "biostatistician won on time"]

1. d4 Nf6 2. Nf3 e6 3. c4 b6 4. Nc3 Bb4 5. Qc2 Bb7 6. a3 Bxc3+ 7. Qxc3 d6 8. g3 O-O 9. Bg2 Nbd7 10. O-O c5 11. Rd1 Qe7 12. Bg5 h6 13. Bxf6 Nxf6 14. dxc5 bxc5 15. b4 Rac8 16. b5 d5 17. e3 dxc4 18.
Qxc4 Bd5 19. Qc2 Qb7 20. Ne1 Bxg2 21. Nxg2 Qxb5 22. Rab1 Qa6 23. a4 Rc7 24. Nf4 c4 25.
Ne2 Qa5 26. Nc3 a6 27. Rd6 Rfc8 28. Rbb6 Qh5 29. Rxa6 Ng4 30. h4 Ne5 31. Qe4 Rb7 32. Qxb7 Nf3+ 33. Kg2 Ne1+ 34. Kf1 Nf3 35. Qxc8+ Kh7 36.
Rd8 Qf5 37. Qc6 Qh3+ 38. Ke2 Ng1+ 39. Kd2 Qf1 40. Qe4+ f5 41. Qf4 Qa1 42. Rb6 Nh3 43.
Qe5 Ng1 44. Qf4 Nh3 45. Qf3 Ng1 46. Qd1 Qa3 47. Rd7 Qc5 48. Rbb7 Nh3 49. Rxg7+ Kh8 50. Kc2 Qf8 51. Rh7+ Kg8 52. Qd7 1-0

[Event "Early-Titled-Tuesday-Blitz-March-19-2024"]
[Site "Chess.com"]
[Date "2024.03.19"]
[Round "4"]
[White "BilicVladimir"]
[Black "jimmy-schlumpf"]
[Result "1-0"]
[WhiteElo "2710"]
[BlackElo "2351"]
[TimeControl "180+1"]
[EndTime "8:40:00 PDT"]
[Termination "BilicVladimir won by resignation"]

1. e4 Nf6 2. e5 Nd5 3. d4 d6 4. Nf3 g6 5. Bc4 Nb6 6. Bb3 Bg7 7.
O-O O-O 8. c3 a5 9. a4 Bg4 10.
h3 Bxf3 11. Qxf3 Nc6 12. exd6 cxd6 13. Na3 d5 14. Nb5 e6 15. Bf4 Rc8 16. Qg3 Nc4 17. Bxc4 dxc4 18. Bd6 Re8 19. Nc7 Rxc7 20. Bxc7 Qd5 21.
Bf4 b5 22. axb5 Qxb5 23. Ra2 e5 24. dxe5 Nxe5 25. Bxe5 Rxe5 26. Rfa1 h5 27. Qf3 a4 28. Qa8+ Kh7 29. Qxa4 Qd5 30. Qc2 Qe6 31. Ra6 Re1+ 32. Rxe1 Qxe1+ 33. Kh2 Be5+ 34. g3 h4 35. Ra7 hxg3+ 36.
Kg2 Kg7 37. Rd7 gxf2 38. Qxf2 Qe4+ 39. Qf3 Qc2+ 40. Qf2 Qe4+ 41. Kg1 Kg8 42. Qxf7+ 1-0

[Event "Early-Titled-Tuesday-Blitz-March-19-2024"]
[Site "Chess.com"]
[Date "2024.03.19"]
[Round "4"]
[White "AwareIdea"]
[Black "Kirill_Klukin"]
[Result "0-1"]
[WhiteElo "2517"]
[BlackElo "2812"]
[TimeControl "180+1"]
[EndTime "8:40:00 PDT"]
[Termination "Kirill_Klukin won on time"]

1. d4 Nf6 2. Bf4 g6 3. e3 Bg7 4. Nc3 d5 5. h4 h6 6. Nf3 Bg4 7. Be2 c6 8. Qd2 Nbd7 9. Ne5 Bxe2 10. Qxe2 Nxe5 11. Bxe5 O-O 12. Bxf6 Bxf6 13. O-O-O e5 14. Qg4 exd4 15. exd4 h5 16. Qf3 Kg7 17. g4 Rh8 18. g5 Be7 19. Rh3 Re8 20. Re1 Bb4 21.
Rxe8 Qxe8 22. Qf6+ Kg8 23. Re3 Qd7 24. Ne2 Re8 25.
c3 Bf8 26. Rxe8 Qxe8 27. Kd2 Be7 28. Qf3 Bd6 29. Qe3 Qd7 30. Qf3 Qe6 31. Nc1 c5 32. dxc5 Bxc5 33. Nd3 Bd6 34. Qe3 Qf5 35. Qxa7 Bf4+ 36. Kc2 Qe4 37. Qd4 Qe2+ 38. Kb3 Qd1+ 39. Kb4 Bd6+ 40. Kb5 Qf3 0-1

[Event "Early-Titled-Tuesday-Blitz-March-19-2024"]
[Site "Chess.com"]
[Date "2024.03.19"]
[Round "4"]
[White "Vaibhavraut99"]
[Black "MarijaKuznecova"]
[Result "0-1"]
[WhiteElo "2706"]
[BlackElo "2404"]
[TimeControl "180+1"]
[EndTime "8:40:02 PDT"]
[Termination "MarijaKuznecova won on time"]

1. e4 c5 2. b3 Nc6 3. Bb2 e5 4. Bc4 d6 5. Ne2 g6 6. O-O Bg7 7. f4 Nf6 8. Nbc3 O-O 9. d3 a6 10. a4 Nd4 11. h3 Nxe2+ 12. Qxe2 Nh5 13. f5 Ng3 14. Qf3 Nxf1 15. Rxf1 Bh6 16. Nd5 Be6 17. f6 b5 18. Ne7+ Kh8 19. Bxe6 fxe6 20. Qg4 Qd7 21. Qh4 Be3+ 22. Kh1 Qxe7 23. fxe7 Rxf1+ 24. Kh2 Bg1+ 25. Kg3 Bf2+ 26. Kg4 Bxh4 27. Kxh4 Rf4+ 28. Kg3 Rf7 29. b4 c4 30. axb5 axb5 31. dxc4 bxc4 32. b5 Rxe7 0-1

[Event "Early-Titled-Tuesday-Blitz-March-19-2024"]
[Site "Chess.com"]
[Date "2024.03.19"]
[Round "4"]
[White "moro182"]
[Black "Crazy_girl99"]
[Result "1-0"]
[WhiteElo "2835"]
[BlackElo "2605"]
[TimeControl "180+1"]
[EndTime "8:40:03 PDT"]
[Termination "moro182 won by resignation"]

1. d4 Nf6 2. Bf4 d5 3. e3 c5 4.
dxc5 e6 5. b4 a5 6. c3 axb4 7.
cxb4 Nc6 8. Bb5 Bd7 9. Qb3 e5 10. Bxc6 exf4 11. Bxd7+ Qxd7 12. exf4 g6 13. Ne2 Bg7 14.
O-O Ne4 15. Nbc3 O-O 16. Rad1 Nxc3 17. Nxc3 Bxc3 18. Qxc3 Rxa2 19. Qb3 Qa4 20. Qxd5 Rb2 21. f5 Rxb4 22. f6 Qc6 23. Qxc6 bxc6 24. Rd6 Rc8 25. Rfd1 h5 26. Rc1 g5 27. g3 Kh7 28. Kg2 Kg6 29.
h3 Re4 30. Rc3 Re6 31. Rxe6 fxe6 32. Rf3 Rf8 33. f7 Rxf7 34. Rxf7 Kxf7 35. Kf3 Kf6 36. Ke4 e5 37. f3 Ke6 38. h4 gxh4 39. gxh4 Kf6 40. f4 exf4 41. Kxf4 Ke6 42. Kg5 Ke5 43.
Kxh5 Kf5 44. Kh6 Kf6 45. h5 Kf7 46. Kg5 Kg7 47. Kf5 Kh6 48. Ke6 Kxh5 49. Kd6 Kg6 50. Kxc6 Kf6 51. Kb7 Ke7 52. c6 Ke6 53. c7 1-0

[Event "Early-Titled-Tuesday-Blitz-March-19-2024"]
[Site "Chess.com"]
[Date "2024.03.19"]
[Round "4"]
[White "Boxerandchessplayer"]
[Black "Jojo_898"]
[Result "0-1"]
[WhiteElo "2216"]
[BlackElo "2475"]
[TimeControl "180+1"]
[EndTime "8:40:04 PDT"]
[Termination "Jojo_898 won by resignation"]

1. d4 d6 2. c4 Nf6 3. Nc3 g6 4. e4 Bg7 5. Nge2 c6 6. Ng3 O-O 7.
h4 h5 8. Bg5 a6 9. a4 e5 10. d5 cxd5 11. cxd5 Nbd7 12. Be2 Qb6 13. Rb1 a5 14. O-O Nc5 15. Kh1 Ng4 16. f3 Nf6 17. Qd2 Nb3 18. Qe3 Nd4 19. Nb5 Nd7 20. Be7 Re8 21.
Bxd6 Nc5 22. Bxc5 Qxc5 23. Rfc1 Qe7 24. Qf2 Qxh4+ 25. Kg1 Nxb5 26. Bxb5 Rd8 27. Nf1 Qf6 28. Rc7 Bf8 29. Rbc1 Bd6 30. R7c2 b6 31. Rc6 Qe7 32. Qxb6 Bb7 33. R6c2 Rac8 34. Qf2 Rxc2 35. Rxc2 Rc8 36. Rxc8+ Bxc8 37. Ne3 Bc5 38. Kf1 Bd4 39. Ke2 Qb4 40. Kf1 Qc5 41. Ke2 Qc1 42. Qf1 Qxe3+ 43. Kd1 Bxb2 44.
Qc4 Qd4+ 45. Qxd4 Bxd4 46. d6 Bb6 47. Kc2 Kf8 48. Kc3 Be6 49. Bc6 Bc5 50. d7 Ke7 0-1

[Event "Early-Titled-Tuesday-Blitz-March-19-2024"]
[Site "Chess.com"]
[Date "2024.03.19"]
[Round "4"]
[White "Adar_07"]
[Black "Jospem"]
[Result "0-1"]
[WhiteElo "2844"]
[BlackElo "3060"]
[TimeControl "180+1"]
[EndTime "8:40:06 PDT"]
[Termination "Jospem won by resignation"]

1. e4 e5 2. Nf3 Nc6 3. Bb5 a6 4.
Ba4 Nf6 5. O-O Be7 6. Re1 b5 7. Bb3 d6 8. h3 O-O 9. c3 Be6 10. d4 Bxb3 11. axb3 h6 12. d5 Nb8 13. Nbd2 c6 14.
dxc6 Nxc6 15. b4 Re8 16. Nb3 Bf8 17. Na5 Ne7 18. Qb3 Ng6 19. g3 Rc8 20. Kg2 Qd7 21.
Qd1 Rcd8 22. Nb3 Qb7 23. Na5 Qa8 24. Qc2 d5 25. exd5 Rxd5 26. Be3 Qc8 27. Qe2 e4 28. Nd4 Ne5 29. Red1 Nd3 30. Nab3 g6 31. Nc1 Ne5 32. Ncb3 Nc4 33. Na5 Rh5 34. h4 Ne5 35. Bf4 Neg4 36. Nac6 g5 37. Be3 gxh4 38. Rh1 h3+ 39. Kg1 Rd5 40.
Qf1 h2+ 41. Kg2 h5 42. Qe2 Rd6 43. Bg5 Rxc6 44. Nxc6 Qxc6 45. Kh3 Qe6 46. Bxf6 Qxf6 47. Kg2 Re5 48. Ra5 Rf5 49. Qxe4 Rxf2+ 50. Kh3 Rxb2 51.
Qf4 Qxf4 52. gxf4 Nf2+ 53. Kg2 Nxh1+ 54. Kxh1 Rb3 55. Rxa6 Rxc3 56. Kxh2 Rc4 0-1

[Event "Early-Titled-Tuesday-Blitz-March-19-2024"]
[Site "Chess.com"]
[Date "2024.03.19"]
[Round "4"]
[White "missponyo10"]
[Black "Leo_C"]
[Result "0-1"]
[WhiteElo "2247"]
[BlackElo "2637"]
[TimeControl "180+1"]
[EndTime "8:40:07 PDT"]
[Termination "Leo_C won by checkmate"]

1. e4 c6 2. d4 d5 3. Nd2 dxe4 4. Nxe4 Bf5 5. Ng3 Bg6 6. h4 h6 7. Nf3 e6 8. h5 Bh7 9. Bd3 Bxd3 10. Qxd3 Nf6 11.
Bd2 c5 12. dxc5 Qxd3 13. cxd3 Bxc5 14. Rc1 Bb6 15. Rc8+ Bd8 16. Bf4 O-O 17. O-O Bb6 18.
Rfc1 Nc6 19. Rxa8 Rxa8 20. Ne5 Nxe5 21. Bxe5 Bxf2+ 22. Kxf2 Ng4+ 23. Ke2 Nxe5 24. Rc7 Rb8 25. Ne4 a5 26. d4 Nc6 27. Ke3 Nb4 28. Nc3 Rd8 29. Rxb7 Nc2+ 30. Kd3 Nxd4 31. Kc4 e5 32. Nd5 Nf5 33. Ra7 Nd6+ 34. Kc5 Ne4+ 35. Kc4 Nd6+ 36.
Kc5 f5 37. Ne7+ Kh7 38. Nc6 Ne4+ 39. Kc4 Rc8 40. Kd5 Nf6+ 41. Kd6 e4 42. Ne7 Rd8+ 43. Ke6 e3 44. Nxf5 Re8+ 45. Kd6 e2 46. Rxg7+ Kh8 47. Rg6 Ne4+ 48. Kd7 e1=Q 49. Rxh6+ Kg8 50. Rg6+ Kf8 51. Nh6 Nf6+ 52. Rxf6+ Kg7 53. Rg6+ Kh7 54. Ng4 Qe7+ 55. Kc6 Rc8+ 56. Kd5 Rd8+ 57. Kc6 Qd7+ 58. Kc5 Rc8+ 59. Kb6 Qc7+ 60. Kb5 Rb8+ 61. Ka4 Qc4+ 62. Ka3 Qb4# 0-1

[Event "Early-Titled-Tuesday-Blitz-March-19-2024"]
[Site "Chess.com"]
[Date "2024.03.19"]
[Round "4"]
[White "SirStrateg"]
[Black "Bauman_Guy"]
[Result "0-1"]
[WhiteElo "2637"]
[BlackElo "2925"]
[TimeControl "180+1"]
[EndTime "8:40:08 PDT"]
[Termination "Bauman_Guy won by resignation"]

1. d4 Nf6 2. Bg5 c5 3. Bxf6 gxf6 4. dxc5 e6 5. e3 Bxc5 6. Nd2 Nc6 7. Ne4 Be7 8. Nd6+ Kf8 9. c3 Qb6 10. Nc4 Qc5 11.
Nf3 b5 12. Ncd2 d5 13. Bd3 Ne5 14. Nxe5 fxe5 15. Qh5 e4 16. Qh6+ Ke8 17. Qg7 Rf8 18. Nb3 Qb6 19. Be2 b4 20. O-O bxc3 21. bxc3 Ba6 22. Bxa6 Qxa6 23. Qxh7 Bf6 24. Qh6 Ke7 25. Qf4 Rac8 26. f3 Bxc3 27. Rac1 f5 28. fxe4 dxe4 29. Nd4 Bxd4 30. exd4 Qd6 31. Qh4+ Kd7 32. d5 Rh8 33. dxe6+ Kxe6 34. Qg3 Qxg3 35. hxg3 Ke5 36. Rb1 Rc5 37. Rb7 Ra5 38. Re7+ Kd6 39. Rf7 Ke6 40. Rg7 Rf8 41. g4 f4 42. g3 f3 43. Kf2 Rxa2+ 44. Ke3 Re2+ 45. Kd4 Rd8+ 46. Kc4 a5 0-1

[Event "Early-Titled-Tuesday-Blitz-March-19-2024"]
[Site "Chess.com"]
[Date "2024.03.19"]
[Round "4"]
[White "vladoboch"]
[Black "Mops_2004"]
[Result "0-1"]
[WhiteElo "2471"]
[BlackElo "2741"]
[TimeControl "180+1"]
[EndTime "8:40:08 PDT"]
[Termination "Mops_2004 won by checkmate"]

1. e4 c5 2. Nf3 Nc6 3. Bb5 e6 4. O-O Nge7 5. d4 cxd4 6. Nxd4 Ng6 7. Be3 Be7 8. c3 O-O 9. Nd2 a6 10. Bd3 b5 11. Qh5 Bb7 12. Rad1 Qc7 13. f4 Nxd4 14. cxd4 f5 15. exf5 exf5 16. Nf3 Nxf4 17. Bxf4 Qxf4 18. Kh1 g6 19. Qh3 Bf6 20. Ne5 Bxe5 21. Rxf4 Bxf4 22.
Qh4 Bd6 23. Bc2 Rae8 24. Bb3+ Kg7 25. d5 Re4 26. Qf2 Rfe8 27. g3 Be5 28. Qb6 Ba8 29.
Qxa6 b4 30. a4 Bxb2 31. a5 Re3 32. Qc4 Bc3 33. a6 h5 34. a7 Kh6 35. Qf4+ Kg7 36.
Qc4 R3e4 37. Qc7 R4e7 38. Kg1 Kh6 39. d6 Bd4+ 40. Rxd4 Re1+ 41. Kf2 R8e2# 0-1

[Event "Early-Titled-Tuesday-Blitz-March-19-2024"]
[Site "Chess.com"]
[Date "2024.03.19"]
[Round "4"]
[White "Flaccidmoves"]
[Black "AlexTruskavetsky"]
[Result "0-1"]
[WhiteElo "2433"]
[BlackElo "2683"]
[TimeControl "180+1"]
[EndTime "8:40:08 PDT"]
[Termination "AlexTruskavetsky won by resignation"]

1. d4 Nf6 2. c4 e6 3. Nc3 d5 4. cxd5 exd5 5. Bg5 c6 6. e3 Bd6 7.
Bd3 O-O 8. Nge2 h6 9. Bh4 Re8 10.
Qc2 Nbd7 11. Bg3 Nf8 12. Bxd6 Qxd6 13. Ng3 h5 14. h3 h4 15. Nge2 Ne6 16. O-O-O b5 17.
g3 Bb7 18. gxh4 Rac8 19. Kb1 b4 20. Na4 c5 21. Nxc5 Nxc5 22. dxc5 Rxc5 23. Qd2 a5 24. Nd4 Bc8 25. Rdg1 Bd7 26. Rg5 Re5 27. Rhg1 Rxg5 28. hxg5 Ne8 29. g6 Nf6 30. gxf7+ Kxf7 31. Bg6+ Kf8 32.
Qd3 a4 33. Bf5 a3 34. Bxd7 Qxd7 35. Qg6 Rc7 36. Nf5 axb2 37. Nh6 Qe6 38. Ng4 b3 39. axb3 d4 40. Nxf6 gxf6 41. Qh6+ Ke8 42. Rg7 Qe4+ 43. Kxb2 Qc2+ 44. Ka3 Qc1+ 45. Kb4 Qc5+ 46. Ka4 Qa7+ 47. Kb4 Rxg7 48. Qh5+ Kf8 49. Qc5+ Qxc5+ 50. Kxc5 d3 0-1

[Event "Early-Titled-Tuesday-Blitz-March-19-2024"]
[Site "Chess.com"]
[Date "2024.03.19"]
[Round "4"]
[White "AktilekAskarovich"]
[Black "chess123456s"]
[Result "1/2-1/2"]
[WhiteElo "2370"]
[BlackElo "2554"]
[TimeControl "180+1"]
[EndTime "8:40:08 PDT"]
[Termination "Game drawn - insufficient material"]

1. d4 g6 2. c4 Bg7 3. e4 d6 4.
Nf3 Nc6 5. h3 e5 6. d5 Nce7 7.
Nc3 h6 8. g4 f5 9. gxf5 gxf5 10. Rg1 Bf6 11. Nd2 h5 12. exf5 Bxf5 13. Nde4 Qd7 14.
c5 Bxe4 15. Nxe4 dxc5 16. Nxc5 Qxd5 17. Qxd5 Nxd5 18. Nxb7 Nge7 19. Bb5+ Kf7 20. Bc4 Rab8 21. Nc5 Rb4 22. b3 e4 23. Rb1 Rhb8 24. Bxd5+ Nxd5 25.
Bd2 Rd4 26. Rc1 Rd8 27. Ke2 c6 28. Rc2 Nb6 29. Be3 R4d5 30. Nb7 R8d7 31. Nc5 Rd8 32. a3 Rb8 33. b4 Re8 34. Nb3 Rd6 35. Na5 Nd5 36.
Rgc1 Rc8 37. Rxc6 Rcxc6 38. Rxc6 Rxc6 39. Nxc6 Nc3+ 40. Ke1 a6 41. Bd4 Nb5 42. Bxf6 Kxf6 43. a4 Nc3 44. a5 Ke6 45. Nb8 Kd6 46. Nxa6 Kc6 47. Nc5 Kb5 48. a6 Kb6 49. Kd2 Nd5 50. Nxe4 Kxa6 51. Kd3 Nf4+ 52. Ke3 Nxh3 53. Ng3 h4 54. Nf5 Nxf2 55. Kxf2 Kb5 56. Nxh4 Kxb4 1/2-1/2

[Event "Early-Titled-Tuesday-Blitz-March-19-2024"]
[Site "Chess.com"]
[Date "2024.03.19"]
[Round "4"]
[White "Meri-Arabidze"]
[Black "Grischuk"]
[Result "0-1"]
[WhiteElo "2686"]
[BlackElo "3087"]
[TimeControl "180+1"]
[EndTime "8:40:09 PDT"]
[Termination "Grischuk won on time"]

1. d4 e6 2. c4 b6 3. Nf3 Bb7 4. Nc3 Bb4 5. Bd2 f5 6. g3 Nf6 7.
Bg2 O-O 8. O-O a5 9. Rc1 h6 10. Ne5 Bxg2 11. Kxg2 d6 12. Nd3 Nbd7 13. Nf4 Re8 14.
d5 Bxc3 15. Bxc3 e5 16. Ne6 Qc8 17. Qc2 Nc5 18. Qxf5 Nxe6 19. dxe6 Rxe6 20. b3 Qe8 21. Qf3 Rd8 22. a3 Qg6 23. b4 axb4 24. axb4 Rf8 25. Qd3 e4 26. Qc2 Nh5 27. Kg1 Qg4 28. Bd4 Qh3 29.
Qc3 Nf4 30. gxf4 Rg6+ 31. Qg3 Rxg3+ 32. fxg3 h5 33. c5 bxc5 34. bxc5 h4 35. Bf2 e3 36. Be1 Qg4 37. Rc3 Qxe2 38. cxd6 cxd6 39. gxh4 d5 0-1

[Event "Early-Titled-Tuesday-Blitz-March-19-2024"]
[Site "Chess.com"]
[Date "2024.03.19"]
[Round "4"]
[White "DmitriiZakurdaev"]
[Black "Zq1"]
[Result "0-1"]
[WhiteElo "2425"]
[BlackElo "2601"]
[TimeControl "180+1"]
[EndTime "8:40:09 PDT"]
[Termination "Zq1 won by resignation"]

1. d4 Nf6 2. c4 a6 3. Nc3 c5 4. d5 b5 5. cxb5 axb5 6. Nxb5 Qa5+ 7. Nc3 Bb7 8. Bd2 Qb6 9. e4 e6 10. dxe6 fxe6 11. Qc2 Nc6 12. Nf3 Nd4 13. Qb1 Be7 14. Bd3 Bd6 15. Nxd4 cxd4 16. Nb5 Bb8 17. O-O O-O 18.
a4 h6 19. h3 d5 20. e5 Bxe5 21. Re1 Ne4 22. Bb4 Rf7 23. Bxe4 dxe4 24. Rxe4 d3 25. Re3 Qc6 26. Qf1 Bxb2 27. Ra2 Rxa4 28. Rxb2 Qxb5 29. Bc3 Qc4 30. Qxd3 Ra1+ 31. Kh2 Qc6 32. Rg3 Qe4 33.
Qd8+ Kh7 34. Qe8 Qf5 35. Re2 Ra3 36. Re5 Qf4 37. Rxe6 Rxc3 38. Qxf7 Qxf7 39. Rxg7+ Qxg7 40. Rg6 Qxg6 0-1

[Event "Early-Titled-Tuesday-Blitz-March-19-2024"]
[Site "Chess.com"]
[Date "2024.03.19"]
[Round "4"]
[White "Viktoker"]
[Black "SARGISMV"]
[Result "0-1"]
[WhiteElo "2548"]
[BlackElo "2488"]
[TimeControl "180+1"]
[EndTime "8:40:09 PDT"]
[Termination "SARGISMV won by checkmate"]

1. d4 e6 2. c4 c5 3. e3 Nf6 4.
Nf3 d5 5. cxd5 exd5 6. Bb5+ Nc6 7. O-O a6 8. Be2 c4 9. Nc3 b5 10. a3 Bd6 11. Re1 O-O 12. Bf1 Re8 13. g3 Bf5 14. Bg2 b4 15. Nh4 Bg4 16. Ne2 a5 17. h3 Be6 18.
Qc2 Qd7 19. Kh2 Rac8 20. Bd2 g5 21. Nf3 Bf5 22. Qa4 Nxd4 23. Qxd7 Nxf3+ 24. Bxf3 Bxd7 25. Nd4 c3 26. bxc3 bxc3 27. Bc1 Ne4 28. Kg2 Be5 29. Rd1 Bxh3+ 30. Kg1 Bd7 31. a4 Rc7 32. Nc2 Be6 33.
Ba3 Kg7 34. Kg2 Kg6 35. g4 f5 36. gxf5+ Kxf5 37. Bh5 Rb8 38. f4 gxf4 39. Rf1 Rb2 40. Rac1 Ra2 41. exf4 Bxf4 42. Kg1 Rg7+ 43. Kh1 Ng3+ 44.
Kg2 Nxf1+ 45. Kxf1 Bxc1 46. Bxc1 Rxc2 47. Be3 Ke4 48. Bf2 d4 49. Bd1 d3 50. Bh5 Bc4 51.
Be3 Kxe3 52. Bd1 Rf2+ 53. Ke1 c2 54. Be2 d2# 0-1

[Event "Early-Titled-Tuesday-Blitz-March-19-2024"]
[Site "Chess.com"]
[Date "2024.03.19"]
[Round "4"]
[White "KorolDimitriy75"]
[Black "Szachulec75"]
[Result "1/2-1/2"]
[WhiteElo "2407"]
[BlackElo "2216"]
[TimeControl "180+1"]
[EndTime "8:40:09 PDT"]
[Termination "Game drawn by repetition"]

1. d4 Nf6 2. c4 g6 3. Nc3 Bg7 4. e4 d6 5. Nf3 O-O 6. Be2 Bg4 7. Be3 Nfd7 8. Rc1 Nc6 9. d5 Ncb8 10. O-O c5 11. Re1 a6 12. a4 Ne5 13. Nxe5 Bxe2 14. Qxe2 Bxe5 15. f4 Bg7 16. Bf2 Nd7 17. h3 e5 18. f5 Bh6 19. Be3 Qh4 20. Rf1 Nf6 21.
Bxh6 Qxh6 22. Rce1 Nh5 23. Qf3 Nf4 24. Ne2 g5 25.
Nxf4 gxf4 26. Kh2 Kh8 27. Rg1 Rg8 28. g3 fxg3+ 29. Rxg3 Rxg3 30. Qxg3 Rg8 31. Qf2 f6 32.
Rg1 Rxg1 33. Kxg1 Kg7 34. Qg3+ Kf7 35. Qb3 Qc1+ 36. Kg2 Qd2+ 37. Kg1 Qe1+ 38. Kg2 Qxe4+ 39. Kg1 Qxf5 40. Qxb7+ Kg6 41. Qxa6 Qb1+ 42. Kf2 Qxb2+ 43. Kg1 e4 44. Qxd6 Qc1+ 45. Kg2 Qg5+ 46. Kf1 Qf5+ 47.
Ke1 Qxh3 48. Qxc5 Qg3+ 49. Ke2 Qf3+ 50. Kd2 e3+ 51. Qxe3 Qg2+ 52. Qe2 Qg5+ 53. Qe3 Qg2+ 54. Qe2 Qg5+ 55. Qe3 Qg2+ 1/2-1/2

[Event "Early-Titled-Tuesday-Blitz-March-19-2024"]
[Site "Chess.com"]
[Date "2024.03.19"]
[Round "4"]
[White "Flawless_Fighter"]
[Black "SashaKuzhilniy"]
[Result "1-0"]
[WhiteElo "2837"]
[BlackElo "2607"]
[TimeControl "180+1"]
[EndTime "8:40:11 PDT"]
[Termination "Flawless_Fighter won by resignation"]

1. e4 e5 2. Nf3 Nc6 3. Nc3 Nf6 4. Bb5 Bc5 5. O-O O-O 6. Nxe5 Nxe5 7. d4 d5 8. dxc5 dxe4 9. Bf4 Qe7 10. Qd4 Ng6 11.
Bg5 Rd8 12. Bxf6 Rxd4 13. Bxe7 Nxe7 14. Rad1 Rxd1 15. Rxd1 Be6 16. Nxe4 h6 17. Ba4 Bf5 18. Ng3 Be6 19. Bb3 Bxb3 20. axb3 Nc6 21. Rd7 Rc8 22. c3 Kf8 23. Nf5 Ne5 24. Rd5 f6 25. f4 Nc6 26.
Rd7 b6 27. b4 bxc5 28. bxc5 g6 29. Nxh6 Ne7 30. Ng4 Kf7 31. b4 Ke6 32. Rd2 Nd5 33. Ra2 Nxf4 34. Kf2 Nd5 35. Ra3 c6 36. Ne3 Nxe3 37.
Kxe3 Rc7 38. g4 Kd5 39. Kd3 Rd7 40. Ra6 g5 41. h3 Rh7 42. c4+ Ke5 43. Rxc6 Rxh3+ 44.
Kd2 Rg3 45. Rc7 Rxg4 46. Re7+ Kd4 47. c6 Rg2+ 48. Re2 1-0

[Event "Early-Titled-Tuesday-Blitz-March-19-2024"]
[Site "Chess.com"]
[Date "2024.03.19"]
[Round "4"]
[White "Happy1712Drummer"]
[Black "jk13"]
[Result "1-0"]
[WhiteElo "2464"]
[BlackElo "2673"]
[TimeControl "180+1"]
[EndTime "8:40:11 PDT"]
[Termination "Happy1712Drummer won by resignation"]

1. e4 e5 2. Nf3 Nc6 3. Nc3 Nf6 4. d4 exd4 5. Nd5 Be7 6. Bd3 O-O 7. O-O d6 8. h3 Nxd5 9. exd5 Ne5 10.
Nxd4 Nxd3 11. Qxd3 Bf6 12. Re1 Bd7 13. Bd2 Re8 14.
a4 Rxe1+ 15. Bxe1 Be5 16. c3 Qf6 17. Nf3 Re8 18. Bd2 a5 19. b3 Bf4 20. Re1 Rxe1+ 21.
Nxe1 Bxd2 22. Qxd2 Qg6 23. Qd3 Qxd3 24. Nxd3 Bf5 25.
Nc1 h5 26. Kf1 h4 27. Ke2 g5 28. Ke3 Kg7 29. b4 Bd7 30. bxa5 Bxa4 31. Nd3 Bb3 32.
Nb4 Kf6 33. Kd4 Kf5 34. a6 bxa6 35. Nxa6 Ba4 36. Nxc7 g4 37. hxg4+ Kxg4 38. c4 Bd7 39. Nb5 Kf4 40. Nxd6 Bg4 41. c5 Bf3 42. g3+ hxg3 43. fxg3+ Kxg3 44. c6 Bg4 45. Nxf7 Kf4 46. d6 Be6 47. d7 1-0

[Event "Early-Titled-Tuesday-Blitz-March-19-2024"]
[Site "Chess.com"]
[Date "2024.03.19"]
[Round "4"]
[White "tusplingher"]
[Black "NikitaShnadrygin"]
[Result "1-0"]
[WhiteElo "2477"]
[BlackElo "2700"]
[TimeControl "180+1"]
[EndTime "8:40:13 PDT"]
[Termination "tusplingher won by resignation"]

1. e4 c5 2. Nf3 e6 3. d4 cxd4 4.
Nxd4 Nf6 5. Nc3 Nc6 6. Ndb5 Bb4 7.
Bf4 Nxe4 8. Qf3 d5 9. Nc7+ Kf8 10. Nxa8 e5 11. Bd2 Nxd2 12. Qxd5 Qxd5 13. Nxd5 Ba5 14.
c3 Ne4 15. Bb5 Be6 16. Nac7 Nd6 17. Nxe6+ fxe6 18. Bxc6 bxc6 19. Ne3 Ke7 20. Ke2 Rb8 21. Rab1 Bb6 22. Rhd1 a5 23. b3 Nf5 24. Nc4 Bc7 25. Rd2 Rb5 26. Rbd1 Rd5 27. Ne3 Nxe3 28. fxe3 e4 29. Rd4 Be5 30. Rxe4 Bxc3 31. Rc4 Bb4 32. Rxc6 Rg5 33. g3 Rh5 34. h4 Rh6 35. Rc7+ Kf6 36. Rdd7 Rg6 37. Kf3 Ke5 38. Rxg7 Rf6+ 39. Ke2 h6 40. h5 Rf5 41. Rb7 Ke4 42. Rg4+ Kd5 43. Rbxb4 axb4 44. e4+ Kc6 45. exf5 exf5 46. Rg6+ 1-0